 Dungeon Crawl Stone Soup version 0.25.1-2-g60ff931df9 (webtiles) character file.

Game seed: 15700401733515594939

16 Martska the Changer (level 2, -4/25 HPs)
             Began as a Naga Transmuter on Oct 14, 2020.
             Slain by a kobold
             ... wielding a +0 whip
              (5 damage)
             ... on level 1 of the Dungeon.
             The game lasted 00:01:05 (836 turns).

Martska the Changer (Naga Transmuter)                Turns: 836, Time: 00:01:06

Health: -4/25      AC:  1    Str: 12    XL:     2   Next: 58%
Magic:  5/5        EV: 10    Int: 13    God:
Gold:   29         SH:  0    Dex: 11    Spells: 4/5 levels left

rFire    . . .     SeeInvis +   f - +0 dagger
rCold    . . .     Gourm    .   (no shield)
rNeg     . . .     Faith    .   b - +0 robe
rPois    +         Spirit   .   (no helmet)
rElec    .         Reflect  .   (no cloak)
rCorr    .         Harm     .   (no gloves)
MR       .....                  (no barding)
Stlth    +.........             (no amulet)
HPRegen  0.08/turn              (no ring)
MPRegen  0.09/turn              (no ring)

@: short of breath, very slow
A: large, see invisible, deformed body, poison resistance, slowness 2, slow
metabolism 1, spit poison 1, AC +0
a: Spit Poison


You were on level 1 of the Dungeon.
You were not hungry.

You visited 1 branch of the dungeon, and saw 1 of its levels.

You collected 29 gold pieces.

Inventory:

Hand Weapons
 f - a +0 dagger (weapon)
Missiles
 a - 12 arrows
Armour
 b - a +0 robe (worn)
Scrolls
 g - a scroll of identify {unknown}
 h - a scroll of magic mapping {unknown}
Potions
 e - a potion of haste {unknown}
Comestibles
 c - a chunk of flesh
 d - 2 rations


   Skills:
 - Level 1.0 Fighting
 - Level 1.5 Dodging
 - Level 3.0 Unarmed Combat
 - Level 2.0 Spellcasting
 * Level 3.1 Transmutations


You had 4 spell levels left.
You knew the following spells:

 Your Spells              Type           Power        Failure   Level  Hunger
a - Beastly Appendage     Tmut           #.....       7%          1    ##.....

Your spell library contained the following spells:

 Spells                   Type           Power        Failure   Level  Hunger
 Sticks to Snakes         Tmut           #.......     11%         2    ###....
 Spider Form              Tmut/Pois      #.........   38%         3    ####...
 Ice Form                 Ice/Tmut       #.......     80%         4    #####..
 Blade Hands              Tmut           #.........   89%         5    ######.


Dungeon Overview and Level Annotations

Branches:
Dungeon (1/15)

Altars:


Innate Abilities, Weirdness & Mutations

You cannot wear boots.
Your serpentine skin is tough. (AC +0)
You have supernaturally acute eyesight. (SInv)
Armour fits poorly on your strangely shaped body.
Your system is resistant to poisons. (rPois)
You cover ground very slowly.
You have a slow metabolism.
You can spit poison.


Message History

The kobold is moderately wounded.
The kobold barely misses you.
Okay, then.
The kobold hits you with a +0 whip.
* * * LOW HITPOINT WARNING * * *
You hit the kobold but do no damage.
The kobold is moderately wounded.
You have got your breath back.
The kobold throws a stone.
The stone hits you.
* * * LOW HITPOINT WARNING * * *
The kobold hits you but does no damage.
You see here a stone.
The kobold throws a stone.
The stone misses you. The kobold hits you with a +0 whip.
* * * LOW HITPOINT WARNING * * *
Press: ? - help, Shift-Dir - straight line, f/p - kobold
Aim: a kobold, wielding a +0 whip (moderately wounded)
The splash of poison misses the kobold. x2; You feel slightly more hungry.
The kobold hits you with a +0 whip.
You die...

#......
####.....
......# .#
#.^..# ..
#.(# #####
#K.# .....
#..# ####
#K## # #@#
#..#######.#
###
#........(#
#..
#.#.##.#####
#.# #.# ..
##.##.# #
##...#.##
#.#.....#.#
#........#
###


You could see 2 kobolds.

Vanquished Creatures
  A goblin (D:1)
  4 hobgoblins (D:1)
  2 jackals (D:1)
  4 bats (D:1)
  2 frilled lizards (D:1)
  2 rats (D:1)
15 creatures vanquished.

Notes
Turn   | Place    | Note
-------+----------+-------------------------------------------
     0 | D:1      | Martska the Naga Transmuter began the quest for the Orb.
     0 | D:1      | Reached XP level 1. HP: 18/18 MP: 3/3
   204 | D:1      | Reached XP level 2. HP: 18/25 MP: 5/5
   835 | D:1      | HP: 1/25 [kobold/+0 whip (2)]
   836 | D:1      | Slain by a kobold

Illustrated notes

Levels and vault maps discovered:
D:1:      dpeg_arrival_rooms_c, layout_loops_ring, minmay_heptomino_w4

Skill      XL: |  1  2 |
---------------+-------+-----
Transmutations | 3 |  3.1
Fighting       | |  1.0
Dodging        | |  1.5
Unarmed Combat | |  3.0
Spellcasting   | |  2.0

Action                   || total
-------------------------++-------
Melee: Unarmed           ||    17
       Dagger            ||    29
       Punch             ||     1
 Abil: Spit Poison       ||    11
Armor: Robe              ||     7
Dodge: Dodged            ||    29
